 Dungeon Crawl Stone Soup version 0.19.3-4-gbf9329e (webtiles) character file.

127 JeffiDaFish the Shield-Bearer (level 5, -2/33 HPs)
             Began as a Gargoyle Fighter on Jan 27, 2017.
             Killed by divine providence
             ... invoked by an orc priest
              (12 damage)
             ... on level 3 of the Dungeon.
             The game lasted 00:03:29 (1786 turns).

JeffiDaFish the Shield-Bearer (Gargoyle Fighter)    Turns: 1786, Time: 00:03:30

Health: -2/33      AC: 15    Str: 26    XL:     5   Next: 11%
Magic:  5/5        EV:  5    Int:  9    God:
Gold:   113        SH: 11    Dex: 10    Spells: 0 memorised, 4 levels left

rFire  . . .     SeeInvis .     a - +0 flail
rCold  . . .     Gourm    .     j - +0 plate armour
rNeg   + . .     Faith    .     c - +1 shield
rPois  ∞         Spirit   .     (no helmet)
rElec  +         Reflect  .     (no cloak)
rCorr  .         Harm     .     (no gloves)
MR     .....                    (no boots)
Stlth  ..........               (no amulet)
                                (no ring)
                                (no ring)

@: mighty
A: negative energy resistance 1, sense surroundings 1, electricity resistance,
strong 1, unbreathing, petrification resistance, rot immunity, AC +4
a: no special abilities


You were on level 3 of the Dungeon.
You were not hungry.

You visited 1 branch of the dungeon, and saw 3 of its levels.

You collected 113 gold pieces.

Inventory:

Hand Weapons
 a - a +0 flail (weapon)
Armour
 c - a +1 shield (worn)
 j - a +0 plate armour (worn)
Scrolls
 e - a scroll of identify
 i - 2 scrolls of recharging
 m - a scroll of remove curse
 n - 2 scrolls of amnesia
Potions
 g - a potion of curing
Comestibles
 b - 7 chunks of flesh
 f - 2 bread rations
 h - a meat ration
 k - a slice of pizza
 l - 4 fruits


   Skills:
 + Level 4.0 Fighting
 + Level 3.6 Maces & Flails
 + Level 3.8 Armour
 + Level 0.2 Dodging
 + Level 4.0 Shields


You had 4 spell levels left.
You didn't know any spells.

Dungeon Overview and Level Annotations

Branches:
Dungeon (3/15)

Altars:


Innate Abilities, Weirdness & Mutations

You are resistant to torment.
Your stone body is resilient. (AC +4)
You are immune to poison.
You resist negative energy. (rN+)
You are resistant to electric shocks. (rElec)
You can survive without breathing.
You are immune to petrification.
You are immune to rotting.
You passively map a small area around you.
Your muscles are strong. (Str +2)


Message History

You thump the orc!
You kill the orc!
The orc priest mumbles some strange prayers to Beogh against you.
Beogh smites you! You block the orc priest's attack.
Things that are here:
a dagger; a leather armour; an orc corpse Your shield and plate armour prevent you from hitting the orc priest.
The orc priest hits you but does no damage.
You hit the orc priest.
The orc priest is lightly wounded.
You block the orc priest's attack.
You closely miss the orc priest.
The orc priest is lightly wounded.
The orc priest hits you with a flail.
* * * LOW HITPOINT WARNING * * *
You feel very mighty all of a sudden.
The orc priest calls down the wrath of Beogh upon you.
Beogh smites you!
You die...

* * ## * , * .## * ,,,
..# , ..# #o# , * #J#
,, , #o# #. #@#
#.####.# #.# #..,...#
##.## ###..###.###$..#
#............#.# *
#..............###
###................#*
#....................#
#.#.............##.#.#


You could see an orc priest, an ooze and an orc.

Vanquished Creatures
  Terence (D:3)
  4 gnolls (D:2)
  An ooze (D:1)
  2 worms (D:2)
  2 dart slugs (D:1)
  2 orcs (D:3)
  3 ball pythons
  7 bats
  A giant cockroach (D:1)
  6 goblins
  7 hobgoblins
  A quokka (D:2)
  7 frilled lizards
  5 kobolds
  6 rats
55 creatures vanquished.

Notes
Turn   | Place    | Note
-------+----------+-------------------------------------------
     0 | D:1      | JeffiDaFish the Gargoyle Fighter began the quest for the Orb.
     0 | D:1      | Reached XP level 1. HP: 14/14 MP: 1/1
    74 | D:1      | Gained mutation: Your muscles are strong. (Str +2) [potion of mutation]
    74 | D:1      | Gained mutation: You passively map a small area around you. [potion of mutation]
    98 | D:1      | Reached XP level 2. HP: 19/19 MP: 2/2
   631 | D:1      | Reached XP level 3. HP: 22/23 MP: 3/3
  1250 | D:2      | Reached XP level 4. HP: 21/29 MP: 4/4
  1735 | D:3      | Noticed Terence
  1750 | D:3      | Killed Terence
  1750 | D:3      | Reached XP level 5. HP: 30/33 MP: 5/5
  1786 | D:3      | Killed from afar by an orc priest

Skill      XL: |  1  2  3  4  5 |
---------------+----------------+-----
Maces & Flails | 3 |  3.6
Shields        | 4 |  4.0
Fighting       | 4 |  4.0
Armour         | |  3.8
Dodging        | |  0.2

Action                   |  1- 3 |  4- 6 || total
-------------------------+-------+-------++-------
Melee: Flail             |   150 |    79 ||   229
  Use: Scroll            |     9 |     1 ||    10
       Potion            |     6 |     1 ||     7
  Eat: Chunk             |     1 |     2 ||     3
Armor: Scale mail        |    30 |       ||    30
       Plate armour      |    50 |    52 ||   102
Dodge: Dodged            |    28 |    23 ||    51
Block: Shield            |    95 |    46 ||   141
